 Dungeon Crawl Stone Soup version 0.22-a0-161-g198051c (webtiles) character file.

2289 tilp the Spear-Bearer (level 9, -4/56 (58) HPs)
             Began as a Merfolk Ice Elementalist on Feb 11, 2018.
             Was a Follower of Makhleb.
             Slain by an orc warrior
             ... wielding a +0 trident
              (12 damage)
             ... on level 8 of the Dungeon.
             The game lasted 00:23:22 (9257 turns).

tilp the Spear-Bearer (Merfolk Ice Elementalist)    Turns: 9257, Time: 00:23:23

HP:   -4/56 (58)    AC:  6    Str:  9    XL:     9   Next: 40%
MP:   3/12          EV: 13    Int: 17    God:    Makhleb [*.....]
Gold: 422           SH:  5    Dex: 14    Spells: 6/12 levels left

rFire    . . .     SeeInvis .   f - +0 trident
rCold    . . .     Gourm    .   r - +0 buckler
rNeg     + . .     Faith    .   A - +1 robe {rN+}
rPois    .         Spirit   .   t - +1 helmet
rElec    .         Reflect  .   (no cloak)
rCorr    .         Harm     .   w - +0 pair of gloves
MR       .....                  (no boots)
Stlth    ++........             (no amulet)
HPRegen  0.18/turn              (no ring)
MPRegen  0.13/turn              (no ring)

@: no status effects
A: change form in water, swift swim, stealthy swim
a: Renounce Religion


You were on level 8 of the Dungeon.
You worshipped Makhleb.
Makhleb was aware of your devotion.
You were very hungry.

You visited 2 branches of the dungeon, and saw 9 of its levels.

You collected 422 gold pieces.

Inventory:

Hand Weapons
 d - a +0 short sword
 f - a +0 trident (weapon)
Missiles
 h - 125 stones (quivered)
 k - 73 sling bullets
Armour
 r - a +0 buckler (worn)
 t - a +1 helmet (worn)
 w - a +0 pair of gloves (worn)
 A - a +1 robe of positive energy (worn)
Wands
 n - a wand of random effects (35)
 o - a wand of enslavement (8)
Scrolls
 e - a scroll of enchant weapon {unknown}
 l - 3 scrolls of remove curse
 m - 3 scrolls of magic mapping
 q - a scroll of amnesia {unknown}
 s - a scroll of immolation
 y - 3 scrolls of blinking
 B - a scroll of fog {unknown}
Potions
 a - a potion of berserk rage {unknown}
 g - a potion of heal wounds {unknown}
 i - 4 potions of curing
 j - 2 potions of magic
 p - a potion of agility
 u - a potion of cancellation
 v - 3 potions of lignification
 x - 3 potions of flight
 z - a potion of might
Books
 b - a book of Frost

   Spells                             Type                      Level
   a - Freeze                         Ice                          1
   b - Throw Frost                    Conjuration/Ice              2
   c - Ozocubu's Armour               Charms/Ice                   3
   d - Throw Icicle                   Conjuration/Ice              4
   e - Summon Ice Beast               Ice/Summoning                4
Comestibles
 c - 7 rations


   Skills:
 + Level 0.7 Fighting
 - Level 14.0 Polearms
 - Level 2.6 Dodging
 - Level 2.1 Stealth
 - Level 4.0 Shields
 - Level 2.0 Spellcasting
 - Level 0.7 Conjurations
 - Level 6.0 Ice Magic


You had 6 spell levels left.
You knew the following spells:

 Your Spells              Type           Power        Failure   Level  Hunger
a - Freeze                Ice            ###.         1%          1    #......
b - Throw Frost           Conj/Ice       ##....       8%          2    ###....
c - Ozocubu's Armour      Chrm/Ice       ##......     17%         3    ###....


Dungeon Overview and Level Annotations

Branches:
Dungeon (8/15)             Temple (1/1) D:4            Lair (0/6) D:8

Altars:
Ashenzari
Cheibriados
Dithmenos
Elyvilon
Fedhas
Gozag
Hepliaklqana
Kikubaaqudgha
Makhleb
Nemelex Xobeh
Okawaru
Qazlal
Ru
Sif Muna
Trog
Uskayaw
Vehumet
Wu Jian
Xom
Yredelemnul
Zin
The Shining One

Annotations:
D:3 Lathuz's ghost, amateur DEFE
D:4 exclusion: ogre, Eustachio; Sigmund
D:6 2 transporters, Blork the orc
D:7 Dowan; Duvessa


Message History

Your killer bee misses the orc wizard.
Your killer bee stings the orc wizard!
The orc wizard misses your killer bee.
Your killer bee barely misses the orc wizard.
The orc wizard closely misses your killer bee.
The orc wizard casts a spell.
The orc wizard flickers and vanishes!
Deactivating autopickup; reactivate with Ctrl-A.
A jackal skeleton comes into view.
Your killer bee stings something.
Your killer bee poisons something!
Something misses your killer bee.
Your killer bee stings something.
Something misses your killer bee. Makhleb accepts your kill.
You feel a bit more experienced. The killer bee barely misses you.
The killer bee barely misses you. The killer bee completely misses you.
The killer bee misses you. The killer bee closely misses you.
The orc warrior hits you from afar with a trident!
You die...

.# ##.###..# #†##
# #.# #..)...#
#..### # ##..#
##....##
##...##### ....#
#....# ##.......
....# ##...#
##...... ...##
#...## ###...<##
..##
#....######.....##
.##
#...............#
..#
#.@.<...........#
.†##
##y..#########...#
#†.## ##o..##
##..##
#.Z.#########...##
#...#
##oy............#
##..#
##.............#
##..##
##########....###
##...# ###..).###
##...##
#..)....#####...##


You could see an orc warrior and a killer bee.

Vanquished Creatures
  A water moccasin (D:8)
  2 orc warriors
  2 black bears (D:8)
  A necrophage (D:7)
  A phantom (D:6)
  An ogre (D:8)
  A centaur (D:7)
  A big kobold (D:7)
  3 bullfrogs
  6 scorpions
  3 killer bees (D:8)
  3 wights (D:8)
  3 crimson imps
  A bullfrog skeleton (D:6)
  A bullfrog zombie (D:6)
  A jelly (D:7)
  3 hounds
  4 orc wizards
  2 iguanas
  2 worker ants
  A worker ant zombie (D:5)
  8 adders
  An ooze (D:1)
  2 adder skeletons
  2 worms
  A dart slug (D:3)
  12 orcs
  9 bats
  5 giant cockroaches
  9 hobgoblins
  7 jackals
  3 quokkas
  A ball python (D:3)
  4 frilled lizards
  A giant cockroach zombie (D:6)
  6 goblins
  10 kobolds
  7 rats
131 creatures vanquished.

Vanquished Creatures (collateral kills)
  An orc wizard (D:8)
  A hound (D:8)
  3 kobolds (D:7)
5 creatures vanquished.

Vanquished Creatures (others)
  2 fungi (D:8)
2 creatures vanquished.

Grand Total: 138 creatures vanquished

Notes
Turn   | Place    | Note
-------+----------+-------------------------------------------
     0 | D:1      | tilp the Merfolk Ice Elementalist began the quest for the Orb.
     0 | D:1      | Reached XP level 1. HP: 13/13 MP: 3/3
   131 | D:1      | Reached XP level 2. HP: 13/19 MP: 0/5
   575 | D:1      | Reached XP level 3. HP: 19/24 MP: 6/6
   583 | D:1      | Learned a level 2 spell: Throw Frost
   587 | D:1      | Learned a level 3 spell: Ozocubu's Armour
  1172 | D:2      | Reached skill level 5 in Ice Magic
  1317 | D:3      | Reached skill level 1 in Polearms
  1317 | D:3      | Reached XP level 4. HP: 26/30 MP: 3/7
  1527 | D:3      | Found a shadowy altar of Dithmenos.
  1612 | D:3      | Noticed Lathuz's ghost (amateur DEFE)
  1822 | D:3      | Reached skill level 2 in Polearms
  2951 | D:4      | Reached skill level 3 in Polearms
  2951 | D:4      | Reached XP level 5. HP: 33/35 MP: 2/8
  3010 | D:4      | Noticed an ogre
  3108 | D:4      | Reached skill level 4 in Polearms
  3361 | D:4      | Noticed Sigmund
  3400 | D:4      | Reached skill level 5 in Polearms
  3400 | D:4      | Reached XP level 6. HP: 36/41 MP: 2/9
  3950 | D:4      | Found a staircase to the Ecumenical Temple.
  3957 | Temple   | Entered the Ecumenical Temple
  4125 | Temple   | Became a worshipper of Makhleb the Destroyer
  4168 | D:4      | Noticed Eustachio
  4292 | D:5      | Entered Level 5 of the Dungeon
  4667 | D:5      | Reached skill level 1 in Shields
  4766 | D:5      | Reached skill level 6 in Polearms
  5493 | D:6      | Found a transporter.
  5500 | D:6      | Noticed an orc warrior
  5503 | D:6      | Noticed a four-headed hydra
  5503 | D:6      | Found a transporter.
  5515 | D:6      | Found a snail-covered altar of Cheibriados.
  5564 | D:6      | Reached XP level 7. HP: 46/46 MP: 6/10
  5684 | D:6      | Reached skill level 7 in Polearms
  5935 | D:6      | Reached skill level 8 in Polearms
  6248 | D:6      | Reached * piety under Makhleb
  6248 | D:6      | Reached skill level 9 in Polearms
  6248 | D:6      | Reached XP level 8. HP: 16/52 MP: 8/11
  6487 | D:6      | Noticed Blork the orc
  6829 | D:7      | Reached skill level 10 in Polearms
  7335 | D:7      | Reached skill level 11 in Polearms
  7548 | D:7      | Noticed Dowan
  7742 | D:7      | Noticed Duvessa
  7915 | D:8      | Found Fumept's Jewellery Shoppe.
  8244 | D:8      | Reached skill level 12 in Polearms
  8499 | D:8      | Reached XP level 9. HP: 53/55 MP: 0/12
  8652 | D:8      | Reached skill level 13 in Polearms
  8742 | D:8      | Found a staircase to the Lair.
  9241 | D:8      | Reached skill level 14 in Polearms
  9257 | D:8      | Slain by an orc warrior

Vault maps used:
D:1:      dpeg_arrival_radiant, minmay_heptomino_o4
D:3:      first_ration, minmay_misc_feat_four_crosses,
          nicolae_dithmenos_through_a_glass_darkly
D:4:      minmay_temple_entry_trees, st_stairs_3, uniq_eustachio, uniq_sigmund
D:5:      minivault_11
D:6:      gammafunk_temple_overflow_arena, minmay_misc_feat_doors,
          uniq_blork_the_orc
D:7:      uniq_duvessa
D:8:      grunt_lair_entry_orc_guard_hut, serial_shops, shop, grunt_pizzeria
Temple:   minmay_crystal_snake_temple

Skill      XL: |  1  2  3  4  5  6  7  8  9 |
---------------+----------------------------+-----
Ice Magic      | 4 5 6 |  6.0
Polearms       | 1 3 5 6 9 12 14 | 14.0
Shields        | 2 4 |  4.0
Fighting       | |  0.7
Dodging        | |  2.6
Stealth        | |  2.1
Spellcasting   | |  2.0
Conjurations   | |  0.7

Action                   |  1- 3 |  4- 6 |  7- 9 || total
-------------------------+-------+-------+-------++-------
Melee: Short sword       |    34 |    99 |       ||   133
       Trident           |       |     4 |   177 ||   181
Throw: Stone             |       |       |     4 ||     4
 Cast: Freeze            |    47 |    60 |    79 ||   186
       Throw Frost       |       |     9 |    25 ||    34
       Ozocubu's Armour  |       |     7 |    16 ||    23
Evoke: Wand              |       |       |     5 ||     5
  Use: Scroll            |       |    12 |     3 ||    15
       Potion            |       |     1 |       ||     1
 Stab: Sleeping          |     4 |     3 |       ||     7
  Eat: Chunk             |     2 |     8 |    14 ||    24
       Ration            |       |     2 |     1 ||     3
Armor: Robe              |     9 |    32 |    49 ||    90
Dodge: Dodged            |    48 |   100 |   125 ||   273
Block: Buckler           |       |       |    20 ||    20

Table legend:
 A = Spawn XP
 B = Non-spawn XP
 C = Spawn XP percentage of total XP
 D = Spawn monster count
 E = Non-spawn monster count
 F = Spawn count percentage of total count
 G = Total turns spent on level
                    A         B        C        D         E        F      G
               +---------+---------+-------+---------+---------+-------+---------
         Total |       0 |    3271 |   0.0 |       0 |     136 |   0.0 |  9257
               +---------+---------+-------+---------+---------+-------+---------
           D:1 |       0 |      38 |   0.0 |       0 |      23 |   0.0 |   638
           D:2 |       0 |      28 |   0.0 |       0 |      15 |   0.0 |   734
           D:3 |       0 |      98 |   0.0 |       0 |      22 |   0.0 |  1753
           D:4 |       0 |     231 |   0.0 |       0 |      12 |   0.0 |   977
           D:5 |       0 |     349 |   0.0 |       0 |      11 |   0.0 |  1278
           D:6 |       0 |     559 |   0.0 |       0 |      17 |   0.0 |   987
           D:7 |       0 |     711 |   0.0 |       0 |      18 |   0.0 |  1358
           D:8 |       0 |    1257 |   0.0 |       0 |      18 |   0.0 |  1342
               +---------+---------+-------+---------+---------+-------+---------
